 Dungeon Crawl Stone Soup version 0.21-a0-278-ga722497 (webtiles) character file.

64 4thArraOfDagon the Digger (level 4, -7/30 HPs)
             Began as a Formicid Earth Elementalist on Sept 21, 2017.
             Mangled by Pikel
             ... wielding a +2 whip of electrocution
              (13 damage)
             ... on level 4 of the Dungeon.
             The game lasted 00:02:55 (483 turns).

4thArraOfDagon the Digger (FoEE)                     Turns: 483, Time: 00:02:56

Health: -7/30      AC:  3    Str: 21    XL:     4   Next: 32%
Magic:  3/7        EV: 17    Int: 16    God:
Gold:   65         SH:  0    Dex: 16    Spells: 6/7 levels left

rFire    . . .     SeeInvis +   f - +0 short sword
rCold    . . .     Gourm    .   (no shield)
rNeg     . . .     Faith    .   c - +0 robe
rPois    .         Spirit   .   (helmet unavailable)
rElec    .         Reflect  .   i - +0 cloak
rCorr    .         Harm     .   (no gloves)
MR       .....                  (no boots)
Stlth    +++.......             (no amulet)
HPRegen  0.10/turn              j - +4 ring of strength
MPRegen  0.10/turn              (no ring)

@: mighty, agile
A: permanent stasis, dig shafts and tunnels, four strong arms, antennae 3
a: Dig, Shaft Self


You were on level 4 of the Dungeon.
You were not hungry.

You visited 1 branch of the dungeon, and saw 4 of its levels.

You collected 65 gold pieces.

Inventory:

Hand Weapons
 f - a +0 short sword (weapon)
Missiles
 b - 21 stones (quivered)
Armour
 c - a +0 robe (worn)
 i - a +0 cloak (worn)
Jewellery
 j - a +4 ring of strength (left hand)
Scrolls
 a - a scroll of teleportation {unknown}
Potions
 h - a potion of magic
Books
 e - a book of Geomancy

   Spells                             Type                      Level
   a - Sandblast                      Earth                        1
   b - Passwall                       Transmutation/Earth          2
   c - Stone Arrow                    Conjuration/Earth            3
   d - Petrify                        Transmutation/Earth          4
   e - Lee's Rapid Deconstruction     Earth                        5
Comestibles
 d - 2 bread rations


   Skills:
 - Level 1.7 Dodging
 - Level 2.4 Stealth
 - Level 2.1 Spellcasting
   Level 1.1 Transmutations
 + Level 5.9 Earth Magic


You had 6 spell levels left.
You knew the following spells:

 Your Spells              Type           Power        Failure   Level  Hunger
a - Sandblast             Erth           ###...       1%          1    #......


Dungeon Overview and Level Annotations

Branches:
Dungeon (4/15)
 Temple: D:4-7

Altars:

Annotations:
D:4 Pikel


Innate Abilities, Weirdness & Mutations

You cannot be hasted, slowed, berserked, paralysed or teleported.
You can dig through walls and to a lower floor.
Your four strong arms can wield two-handed weapons with a shield.
You have a pair of large antennae on your head. (SInv)


Message History

Aiming: Sandblast
Press: ? - help, Shift-Dir - straight line, f/p - Pikel
Aim: Pikel, wielding a whip of electrocution and wearing a robe (lightly wounded)
The blast of sand hits Pikel.
Pikel is lightly wounded.
b - 22 stones Pikel hits you with a whip of electrocution.
Unknown command.
Casting: Sandblast
Confirm with . or Enter, or press ? or * to list all spells.
Aiming: Sandblast
Press: ? - help, Shift-Dir - straight line, f/p - Pikel
Aim: Pikel, wielding a whip of electrocution and wearing a robe (lightly wounded)
The blast of sand hits Pikel.
Pikel is lightly wounded.
b - 21 stones Pikel hits you with a whip of electrocution.
* * * LOW HITPOINT WARNING * * *
You are electrocuted!
You die...

.............<# #....##
###.....#{#### #.#.##
#.........#######p#.####
#...†......p.............
#.#.....#.######.##......
##.#.....#.# #.# #####.
##....#.#.#.# #.#
#..#......#.######.#
.###.......W.#..@KpWp.#
.............#######p.#
####.#.#.....# #..#
#.........# #....
###.#.#.### ##.###
#.#.#.# #.# #.#.#......#
#.# #.......#.... .#
###.##...# ##


You could see Pikel, a phantom and 3 slaves.

Vanquished Creatures
  A slave (D:4)
  A hound (D:4)
  An adder (D:2)
  An ooze (D:2)
  A dart slug (D:3)
  A leopard gecko (D:2)
  A ball python (D:3)
  A giant cockroach (D:3)
  2 hobgoblins
  3 bats
  3 frilled lizards
  A goblin (D:1)
  3 kobolds
  2 rats
22 creatures vanquished.

Notes
Turn   | Place    | Note
-------+----------+-------------------------------------------
     0 | D:1      | 4thArraOfDagon the Formicid Earth Elementalist began the quest for the Orb.
     0 | D:1      | Reached XP level 1. HP: 13/13 MP: 3/3
    82 | D:2      | Reached skill level 4 in Earth Magic
    84 | D:2      | Reached XP level 2. HP: 10/19 MP: 1/5
   196 | D:1      | Reached XP level 3. HP: 14/24 MP: 4/6
   262 | D:2      | Reached skill level 5 in Earth Magic
   419 | D:4      | Reached XP level 4. HP: 30/30 MP: 4/7
   432 | D:4      | Noticed a slave
   433 | D:4      | Noticed a slave
   434 | D:4      | Noticed a slave
   435 | D:4      | Noticed Pikel
   437 | D:4      | Noticed a phantom
   470 | D:4      | Noticed a slave
   479 | D:4      | Killed a slave
   483 | D:4      | Mangled by Pikel

Vault maps used:
D:1:      scummos_arrival_forest, minmay_misc_feat_more_columns
D:3:      first_bread, uniq_terence
D:4:      black_bear_nest_2, minmay_temple_entry_statues_pillars, uniq_pikel

Skill      XL: |  1  2  3 |
---------------+----------+-----
Earth Magic    | 4 5 |  5.9
Dodging        | |  1.7
Stealth        | |  2.4
Spellcasting   | |  2.1
Transmutations | |  1.1

Action                   |  1- 3 |  4- 6 || total
-------------------------+-------+-------++-------
Melee: Short sword       |    37 |     8 ||    45
 Cast: Sandblast         |    15 |     5 ||    20
  Use: Scroll            |     1 |       ||     1
       Potion            |       |     2 ||     2
 Stab: Sleeping          |     2 |       ||     2
Armor: Robe              |     9 |       ||     9
Dodge: Dodged            |    27 |     6 ||    33

Table legend:
 A = Spawn XP
 B = Non-spawn XP
 C = Spawn XP percentage of total XP
 D = Spawn monster count
 E = Non-spawn monster count
 F = Spawn count percentage of total count
 G = Total turns spent on level
                    A         B        C        D         E        F      G
               +---------+---------+-------+---------+---------+-------+---------
         Total |       0 |      92 |   0.0 |       0 |      21 |   0.0 |   483
               +---------+---------+-------+---------+---------+-------+---------
           D:1 |       0 |       5 |   0.0 |       0 |       4 |   0.0 |    52
           D:2 |       0 |      31 |   0.0 |       0 |       9 |   0.0 |   263
           D:3 |       0 |      14 |   0.0 |       0 |       7 |   0.0 |    87
           D:4 |       0 |      42 |   0.0 |       0 |       1 |   0.0 |    81
               +---------+---------+-------+---------+---------+-------+---------
